Map: Orbital Shipyard

Players

AcerBly (Bly) - Winner!

  • Race: Zerg Zerg

Fortuna

  • Race: Zerg Zerg

Event: Gauntlet LotV Series 1 Qualifier 1

VOD

Have the link to the VOD?

Description

Time

  • Played on: Nov. 22, 2015, 3:26 p.m.
  • Length: 5:29

All games in this series

Show
View Real Time Build Order
Export as new Build Order

AcerBly Zerg - Winner!

Build Orders: Pool First, Zergling Baneling 

Get SALT Encoding   

  12  0:01  Drone  
  13  0:08  Drone  
  14  0:14  Extractor  
  13  0:28  Spawning Pool  
  13  0:31  Drone  
  13  0:36  Drone  
  14  0:45  Drone, Extractor  
  15  0:52  Overlord  
  15  1:16  Queen  
  15  1:17  Zergling x2  
  15  1:18  Metabolic Boost  
  18  1:22  Drone  
  19  1:29  Zergling x2  
  19  1:31  Zergling x2  
  21  1:39  Overlord  
  21  1:48  Baneling Nest  
  20  1:59  Zergling x2  
  21  2:03  Zergling x2  
  22  2:14  Zergling x2  
  23  2:25  Zergling x6  
  23  2:26  Zergling x2  
  27  2:33  Baneling x3  
  27  2:34  Baneling  
  27  2:37  Zergling x2  
  27  2:39  Baneling  
  28  2:50  Zergling x2  
  29  2:58  Zergling x4  
  29  3:00  Baneling  
  27  3:18  Zergling x6  
  26  3:27  Zergling x2  
  26  3:28  Zergling x2  
  25  3:35  Zergling x4  
  26  3:42  Zergling x2  
  27  3:49  Baneling x2  
  27  3:50  Baneling x2  
  27  3:53  Hatchery  
  27  3:54  Zergling x2  
  27  4:05  Zergling x6  
  24  4:36  Zergling x4  
  24  4:37  Zergling x8  
  23  4:40  Queen  
  25  4:46  Baneling x3  
  25  4:50  Zergling x2  
  26  4:57  Baneling x2  
  26  5:00  Zergling x2  
  27  5:08  Zergling x4  
Show
View Real Time Build Order
Export as new Build Order

Fortuna Zerg 

Build Orders: Hatch First 

Get SALT Encoding   

  12  0:01  Drone  
  13  0:12  Overlord  
  13  0:17  Drone  
  14  0:30  Drone x2  
  16  0:35  Drone  
  17  0:45  Drone  
  18  0:56  Hatchery  
  17  1:00  Extractor  
  16  1:10  Spawning Pool  
  15  1:13  Drone  
  15  1:17  Drone  
  17  1:20  Drone  
  18  1:29  Drone  
  19  1:38  Drone  
  20  1:57  Queen  
  20  2:00  Metabolic Boost  
  22  2:07  Queen  
  24  2:09  Zergling x6  
  24  2:14  Overlord  
  27  2:22  Baneling Nest  
  26  2:23  Drone  
  26  2:24  Drone  
  28  2:33  Drone x2  
  30  2:42  Zergling x2  
  31  2:45  Spine Crawler  
  28  2:52  Zergling x4  
  28  2:55  Zergling x2  
  22  3:17  Zergling x12  
  22  3:24  Zergling x2  
  22  3:26  Zergling x2  
  19  3:41  Drone  
  19  3:47  Baneling  
  19  3:48  Baneling  
  19  3:56  Drone  
  20  4:14  Zergling x4  
  19  4:20  Zergling x2  
  17  4:30  Zergling x2  
  11  4:53  Drone x2  
  13  5:03  Drone  
Tags
 
Add a new tag
Caveats
  • Supply blocks, unpowered buildings, or Contaminate may cause inaccurate times.
  • Supply counts are checked every 10 seconds.